 Dungeon Crawl Stone Soup version 0.24-b1-44-g37ad8b309f (webtiles) character file.

Game seed: 7158769934469621511, levelgen mode: deterministic

65570 Clehvi the Thaumaturge (level 14, -2/113 HPs)
             Began as a Mummy Wizard on Oct 23, 2019.
             Was an Initiate of Gozag.
             Slain by an alligator (25 damage)
             ... on level 1 of the Swamp on Oct 24, 2019.
             The game lasted 04:32:22 (67302 turns).

Clehvi the Thaumaturge (Mummy Wizard)              Turns: 67302, Time: 04:32:22

Health: -2/113     AC: 14    Str: 11    XL:     14   Next: 76%
Magic:  4/39       EV: 12    Int: 22    God:    Gozag
Gold:   2788       SH:  5    Dex: 10    Spells: 7/38 levels left

rFire    . . .     SeeInvis +   W - staff of wizardry
rCold    + + .     Gourm    .   O - +0 buckler
rNeg     + + +     Faith    .   K - +2 robe {rC+ rF+}
rPois    ∞         Spirit   .   y - +2 hat {MR+}
rElec    +         Reflect  .   X - +1 cloak
rCorr    .         Harm     .   U - +2 pair of gloves {archery}
MR       ++...                  b - +2 pair of boots
Stlth    ++........             (no amulet)
HPRegen  0.28/turn              V - ring of Bummaem {rElec MP+9 SInv}
MPRegen  0.26/turn              R - ring of flight

@: gold aura, flying
A: no food or potions, fire vulnerability, cold resistance 1, negative energy
resistance 3, torment resistance, unbreathing, in touch with death 1
a: Potion Petition, Call Merchant, Bribe Branch, Renounce Religion, Stop Flying


You were on level 1 of the Swamp.
You worshipped Gozag.
Gozag was most pleased with you.
You were not hungry.

You visited 7 branches of the dungeon, and saw 26 of its levels.
You also visited: Sewer and Ossuary.

You collected 8887 gold pieces.
You spent 5992 gold pieces at shops.
You paid 107 gold pieces to Gozag.

Inventory:

Hand Weapons
 Q - a +0 trident
 T - a +2 fustibalus of freezing
 Z - the +9 arbalest "Roh Vuel" {penet, Dex+6}
   (You bought it in a shop on level 1 of the Orcish Mines)

   Ammo fired by it will pass through the targets it hits, potentially hitting
   all targets in its path until it reaches maximum range.
   It affects your dexterity (+6).
Missiles
 j - a throwing net
 k - 132 sling bullets
 n - 4 silver boomerangs
 s - 4 datura-tipped darts
 A - 6 curare-tipped darts (quivered)
Armour
 b - a +2 pair of boots (worn)
 y - a +2 hat of magic resistance (worn)
 K - a +2 robe of resistance (worn)
 O - a +0 buckler (worn)
 S - a +0 shield
 U - a +2 pair of gloves of archery (worn)
 X - a +1 cloak (worn)
Magical Staves
 W - an uncursed staff of wizardry (weapon)
Jewellery
 t - an uncursed ring of protection from magic
 R - a ring of flight (right hand)
 V - the ring of Bummaem (left hand) {rElec MP+9 SInv}
   (You bought it in a shop on level 13 of the Dungeon)

   [ring of magical power]

   It insulates you from electricity.
   It affects your magic capacity (+9).
   It lets you see invisible.
Wands
 m - a wand of clouds (4)
 u - a wand of acid (16)
 w - a wand of iceblast (24)
 x - a wand of digging (7)
 D - a wand of disintegration (24)
 G - a wand of flame (63)
 L - a wand of paralysis (7)
 P - a wand of enslavement (30)
Scrolls
 c - 11 scrolls of remove curse
 d - 2 scrolls of fear
 e - 14 scrolls of teleportation
 f - 4 scrolls of magic mapping
 g - 8 scrolls of blinking
 h - 4 scrolls of fog
 i - 2 scrolls of immolation
 p - 3 scrolls of enchant armour
 q - 2 scrolls of random uselessness
 r - 10 scrolls of identify
 z - a scroll of acquirement
 B - a scroll of torment
 C - a scroll of amnesia
 F - 3 scrolls of enchant weapon
 H - a scroll of summoning
 I - a scroll of silence
 N - 2 scrolls of brand weapon
 Y - a scroll of vulnerability
Miscellaneous
 l - a lightning rod (4/4)
 E - a phantom mirror


   Skills:
 + Level 11.4 Fighting
 - Level 3.0 Slings
 - Level 4.0 Armour
 - Level 1.5 Dodging
 - Level 1.5 Stealth
 * Level 6.4 Shields
 + Level 12.9 Spellcasting
 + Level 7.9 Conjurations
 - Level 6.0 Hexes
 + Level 9.5 Summonings
 - Level 3.0 Translocations
 - Level 3.0 Transmutations
 - Level 4.0 Fire Magic
 - Level 6.0 Ice Magic
 - Level 2.0 Air Magic
 - Level 2.0 Poison Magic
 + Level 0.2 Evocations


You had 7 spell levels left.
You knew the following spells:

 Your Spells              Type           Power        Failure   Level  Hunger
a - Magic Dart            Conj           ####         1%          1    N/A
c - Mephitic Cloud        Conj/Pois/Air  ####....     1%          3    N/A
d - Blink                 Tloc           N/A          1%          2    N/A
e - Conjure Flame         Conj/Fire      #####...     1%          3    N/A
f - Summon Ice Beast      Ice/Summ       #####...     1%          4    N/A
g - Summon Mana Viper     Hex/Summ       #####...     1%          5    N/A
h - Shadow Creatures      Summ           N/A          6%          6    N/A
i - Irradiate             Conj/Tmut      #####.....   5%          5    N/A
j - Passwall              Tmut/Erth      ###.....     1%          2    N/A

Your spell library contained the following spells:

 Spells                   Type           Power        Failure   Level  Hunger
 Freeze                   Ice            ####         1%          1    N/A
 Sandblast                Erth           ##....       1%          1    N/A
 Call Imp                 Summ           ######..     1%          2    N/A
 Shroud of Golubria       Chrm/Tloc      ###...       1%          2    N/A
 Slow                     Hex            #####...     1%          2    N/A
 Throw Frost              Conj/Ice       #####.       1%          2    N/A
 Gell's Gravitas          Tloc           ####......   1%          3    N/A
 Ignite Poison            Fire/Tmut/Pois ####....     1%          3    N/A
 Lesser Beckoning         Tloc           ####......   1%          3    N/A
 Ozocubu's Armour         Chrm/Ice       ####....     1%          3    N/A
 Recall                   Summ/Tloc      N/A          1%          3    N/A
 Stone Arrow              Conj/Erth      ####..       1%          3    N/A
 Teleport Other           Tloc           ####....     1%          3    N/A
 Throw Icicle             Conj/Ice       #####...     1%          4    N/A
 Aura of Abjuration       Summ           ######....   1%          5    N/A
 Summon Demon             Summ           ######....   1%          5    N/A
 Summon Forest            Summ/Tloc      #####.....   4%          5    N/A
 Passage of Golubria      Tloc           N/A          5%          4    N/A
 Petrify                  Tmut/Erth      ###.....     10%         4    N/A
 Alistair's Intoxication  Tmut/Pois      ####....     17%         5    N/A
 Lee's Rapid Deconstruct  Erth           ##........   43%         5    N/A
 Sublimation of Blood     Necr           Unusable     N/A         2    N/A

Dungeon Overview and Level Annotations

Branches:
Dungeon (14/15)            Temple (1/1) D:5            Lair (6/6) D:9
  Swamp (1/4) Lair:3       Spider (1/4) Lair:4        Slime (1/5) Lair:5
    Orc (2/2) D:11            Elf (0/3) Orc:2        Vaults (0/5) D:13
  Sewer (visited)         Ossuary (visited)

Altars:
Ashenzari
Cheibriados
Dithmenos
Elyvilon
Fedhas
Gozag
Hepliaklqana
Kikubaaqudgha
Makhleb
Nemelex Xobeh
Okawaru
Qazlal
Ru
Sif Muna
Trog
Uskayaw
Vehumet
Wu Jian
Xom
Yredelemnul
Zin
The Shining One

Shops:
D:4 :%(   D:5 (   D:7 *   D:12 ?   D:13 =%   Orc:1 [!**(   Orc:2 ?*}[

Annotations:
D:7 2 transporters
D:8 Erica
D:11 exclusion: fire dragon


Innate Abilities, Weirdness & Mutations

You do not eat or drink.
Your flesh is vulnerable to fire.
You are immune to poison.
Your flesh is cold resistant. (rC+)
You are immune to negative energy. (rN+++)
You are immune to unholy pain and torment.
You can survive without breathing.
You are in touch with the powers of death.


Message History

The insubstantial wisp hits you but does no damage.
The tyrant leech closely misses your ice beast.
Your ice beast misses the tyrant leech.
The insubstantial wisp hits you but does no damage.
Your ice beast barely misses the tyrant leech.
The alligator bites you!
The alligator tail-slaps you but does no damage.
The tyrant leech closely misses your ice beast.
Your ice beast hits the tyrant leech.
Your ice beast freezes the tyrant leech!!
The tyrant leech dies!
The insubstantial wisp blinks!
You block the tyrant leech's attack. The alligator bites you!!
The alligator tail-slaps you. The alligator bites you!!
* * * LOW HITPOINT WARNING * * *
The alligator tail-slaps you but does no damage.
You see here a short sword.
The alligator bites you!!
You die...
Your body crumbles into a pile of gold.

.≈.≈≈≈≈○$.÷.... ♣♣♣ ♣♣♣
.≈≈.°.°°#######♣#♣#≈≈♣♣≈≈.
.....≈♣Y♣...§≈....≈≈≈≈≈≈≈≈
...w≈...w..$...$.......≈≈≈
..≈.≈.≈≈≈≈..!≈≈≈§≈≈.≈≈....
..♣.≈≈.≈≈≈≈.≈≈≈≈≈≈≈§..≈...
. ♣≈......§.≈≈≈YY≈≈≈≈≈≈≈≈.
...§...≈≈≈≈.v≈≈≈tw≈≈≈≈≈≈..
..♣.≈♣..≈≈≈≈≈≈≈.@.≈≈≈≈≈≈..
♣♣♣♣♣♣♣.≈≈≈≈≈≈≈≈≈≈≈≈≈≈≈.≈.
♣.≈...≈≈≈≈≈≈≈≈≈..♣≈.
♣...≈..≈≈≈≈≈≈≈..♣♣
...≈♣≈.≈≈≈≈≈≈≈≈..≈♣
≈≈.≈♣≈.....≈≈.....≈≈
♣♣≈..(≈≈≈≈.♣♣≈..
♣♣..♣.≈..♣♣ ≈.. ♣♣♣♣§.♣♣♣
..


You could see an alligator, a tyrant leech, an insubstantial wisp and 2 friendly
ice beasts.

Vanquished Creatures
  3 vault guards (D:13)
  2 hydras
  Erolcha (D:12)
  2 two-headed ogres
  Urug (Lair:1)
  2 orc high priests (Orc:2)
  A deep elf knight (D:13)
  2 unseen horrors
  A wizard (D:13)
  An orc knight (Orc:1)
  2 wolf spider zombies
  A manticore (D:11)
  3 centaur zombies
  9 spiny frogs
  A demonic crawler (Lair:4)
  A tyrant leech (Lair:6)
  11 blink frogs
  2 meliai zombies (D:12)
  6 hippogriffs
  43 yaks
  A basilisk (Lair:2)
  Grum (D:8)
  Eustachio (D:4)
  A hungry ghost (D:10)
  A vampire mosquito (Lair:6)
  2 water moccasins
  9 porcupines
  5 ice beasts
  5 orc warriors
  A black bear (D:7)
  4 sky beasts
  A necrophage (D:9)
  3 ogres
  A phantom (D:6)
  11 wolves
  3 centaurs
  4 big kobolds
  2 crocodiles
  16 bullfrogs
  2 gnoll sergeants (D:11)
  3 water moccasin zombies (Ossuary)
  6 scorpions
  25 killer bees
  An electric eel (Lair:6)
  12 wights
  4 crimson imps
  A quasit (D:11)
  3 bullfrog zombies
  5 bullfrog skeletons
  2 centaur skeletons
  4 hounds
  15 jellies
  3 orc priests
  4 iguanas
  9 orc wizards
  10 worker ants
  A big kobold zombie (Ossuary)
  3 hound zombies
  3 hound skeletons
  2 mummies (Ossuary)
  2 worker ant zombies (D:8)
  A howler monkey skeleton (D:7)
  15 gnolls
  A river rat (D:4)
  8 adders
  5 shadow imps
  An ooze (Lair:5)
  4 adder zombies (Ossuary)
  5 adder skeletons
  4 worms
  A dart slug (D:4)
  11 leopard geckos
  45 orcs
  18 giant cockroaches
  17 goblins
  3 hobgoblins
  14 jackals
  3 quokkas
  2 ball pythons
  14 bats
  9 frilled lizards
  5 gnoll zombies (Ossuary)
  8 hobgoblin zombies (Ossuary)
  A jackal skeleton (D:4)
  20 kobolds
  A kobold zombie (Ossuary)
  7 orc zombies (Ossuary)
  A quokka zombie (D:9)
  13 rats
  2 fungi (Lair:5)
526 creatures vanquished.

Vanquished Creatures (collateral kills)
  Kirke (D:13)
  Gastronok (D:9)
  Donald (Orc:2)
  A stone giant (Orc:2)
  A dire elephant (Lair:3)
  Josephine (D:10)
  2 vault guards (D:13)
  2 catoblepae
  9 hydras
  A ghost crab (Swamp:1)
  4 two-headed ogres (D:12)
  2 alligators (Swamp:1)
  A death yak (Lair:4)
  An ogre mage (D:12)
  2 orc high priests (Orc:2)
  A deep elf knight (D:13)
  Nergalle (D:10)
  Pikel (D:5)
  A lindwurm (Lair:3)
  3 orc knights
  An ugly thing (D:13)
  A deep elf mage (D:12)
  A wolf spider (Spider:1)
  2 orc sorcerers (Orc:2)
  3 cyclopes
  Joseph (Lair:1)
  A torpor snail (Lair:6)
  A black mamba (Lair:5)
  An elephant (Lair:3)
  A gargoyle (D:12)
  21 spiny frogs
  8 komodo dragons
  3 trolls
  A tengu conjurer (D:13)
  6 tyrant leeches
  2 hippogriffs
  17 blink frogs
  2 dream sheep (D:9)
  A shadow (Swamp:1)
  3 wraiths (D:10)
  A redback (Spider:1)
  A tarantella (Spider:1)
  7 wyverns
  27 yaks
  A steam dragon (D:13)
  A basilisk (Lair:4)
  3 hogs (D:13)
  11 vampire mosquitoes
  2 insubstantial wisps (Swamp:1)
  A swamp worm (Swamp:1)
  2 wargs
  4 water moccasins
  2 porcupines
  32 orc warriors
  An eye of draining (D:14)
  13 ogres
  7 wolves
  8 centaurs
  6 crocodiles
  4 big kobolds
  13 bullfrogs
  A gnoll sergeant (D:9)
  4 killer bees
  2 wights (D:12)
  4 electric eels
  A crimson imp (D:12)
  2 centaur skeletons
  22 orc priests
  Crazy Yiuf (D:5)
  22 orc wizards
  7 gnolls
  A river rat (D:4)
  4 adders
  2 worms (D:4)
  53 orcs
  A giant cockroach (D:4)
  7 hobgoblins (Orc:1)
  A jackal (D:2)
  A quokka (D:10)
  10 kobolds
  A rat (D:4)
  2 fungi
  3 plants
413 creatures vanquished.

Vanquished Creatures (others)
  A wyvern (Lair:3)
  An ogre (D:13)
  An orc priest (D:4)
  A quokka (D:2)
  A bat (D:2)
  36 fungi
  56 plants
  9 toadstools (Lair:3)
106 creatures vanquished.

Grand Total: 1045 creatures vanquished

Notes
Turn   | Place    | Note
-------+----------+-------------------------------------------
     0 | D:1      | Clehvi the Mummy Wizard began the quest for the Orb.
     0 | D:1      | Reached XP level 1. HP: 13/13 MP: 5/5
   157 | D:1      | Reached skill level 1 in Conjurations
   526 | D:1      | Reached XP level 2. HP: 20/20 MP: 4/7
   534 | D:1      | Learned a level 2 spell: Call Imp
   588 | D:1      | Learned a level 2 spell: Blink
  1294 | D:1      | Reached skill level 1 in Fighting
  1532 | D:2      | Found a white marble altar of Elyvilon.
  1548 | D:2      | Reached XP level 3. HP: 26/26 MP: 2/8
  1713 | D:2      | Reached skill level 1 in Summonings
  2078 | D:2      | Reached skill level 1 in Translocations
  2142 | D:2      | Learned a level 3 spell: Mephitic Cloud
  2482 | D:2      | Reached XP level 4. HP: 32/32 MP: 8/10
  2487 | D:2      | Learned a level 3 spell: Conjure Flame
  2527 | D:2      | Found an ancient bone altar of Kikubaaqudgha.
  2620 | D:2      | Found a shimmering blue altar of Sif Muna.
  3791 | D:2      | Reached XP level 5. HP: 33/37 MP: 1/11
  4578 | D:3      | Reached skill level 1 in Poison Magic
  4616 | D:3      | Found a sparkling altar of Nemelex Xobeh.
  5006 | D:3      | Reached skill level 1 in Fire Magic
  5295 | D:4      | Noticed Eustachio
  5332 | D:4      | Found a glowing drain.
  5362 | D:4      | HP: 1/37 [river rat[Eustachio] (2)]
  5668 | D:4      | Reached skill level 1 in Air Magic
  5731 | D:4      | Killed Eustachio
  5731 | D:4      | Reached XP level 6. HP: 44/44 MP: 1/13
  5757 | Sewer    | Entered a sewer
  6830 | D:4      | Reached skill level 5 in Spellcasting
  7172 | D:4      | Found Ifiah's Book Shop.
  7423 | D:4      | Found Hextis's Antique Weapon Shop.
  7567 | D:4      | Found Coiss's Food Emporium.
  7679 | D:4      | Found a snail-covered altar of Cheibriados.
  7738 | D:4      | Reached XP level 7. HP: 27/50 MP: 2/14
  8622 | D:5      | Entered Level 5 of the Dungeon
  8905 | D:5      | Found a staircase to the Ecumenical Temple.
  8974 | Temple   | Entered the Ecumenical Temple
  9214 | D:5      | Noticed Pikel
  9531 | D:5      | Found a bloodstained altar of Trog.
  9958 | D:5      | Reached XP level 8. HP: 57/57 MP: 3/16
 10119 | D:5      | Found Tunutz's Antique Weapon Boutique.
 10414 | D:5      | Found a runed translucent door.
 10415 | D:5      | Noticed Crazy Yiuf
 11356 | D:6      | Reached skill level 6 in Spellcasting
 12573 | D:7      | Found Gozag's Platinum Reserve.
 12575 | D:7      | Found an opulent altar of Gozag.
 12608 | D:7      | Became a worshipper of Gozag Ym Sagoz the Greedy
 12657 | D:7      | Found a transporter.
 12657 | D:7      | Found a transporter.
 12663 | D:7      | Found a glowing silver altar of Zin.
 12665 | D:7      | Noticed a cyclops
 12697 | D:7      | Found a sand-covered staircase.
 12702 | Ossuary  | Entered an ossuary
 13062 | Ossuary  | Reached XP level 9. HP: 65/65 MP: 15/19
 13982 | D:7      | Reached skill level 7 in Spellcasting
 13982 | D:7      | Reached skill level 5 in Summonings
 14429 | D:7      | Found a shadowy altar of Dithmenos.
 16002 | D:8      | Noticed Grum
 16032 | D:8      | Killed Grum
 16032 | D:8      | Reached skill level 5 in Fighting
 16296 | D:4      | Bought a book of Frost for 490 gold pieces
 16301 | D:4      | Learned a level 4 spell: Summon Ice Beast
 16461 | D:8      | Found a hazy altar of Hepliaklqana.
 16753 | D:8      | Found a hide-covered altar of Uskayaw.
 16758 | D:8      | Noticed Erica
 17106 | D:8      | Reached skill level 1 in Ice Magic
 17241 | D:9      | Found a blossoming altar of Fedhas.
 17243 | D:9      | Found a staircase to the Lair.
 17268 | D:9      | Noticed a two-headed ogre
 17290 | D:9      | Killed a two-headed ogre
 17290 | D:9      | Reached skill level 8 in Spellcasting
 17290 | D:9      | Reached skill level 5 in Conjurations
 17290 | D:9      | Reached XP level 10. HP: 42/75 MP: 6/22
 17535 | D:9      | Found a stormy altar of Qazlal.
 17955 | D:9      | Found an ornate altar of the Wu Jian Council.
 17983 | D:9      | Noticed Gastronok
 18009 | D:9      | Killed Gastronok
 18075 | D:9      | Found a basalt altar of Yredelemnul.
 18341 | D:5      | Found a bloodstained altar of Trog.
 18384 | D:5      | Killed Pikel
 18538 | D:5      | Found a staircase to the Ecumenical Temple.
 18629 | D:5      | Found Tunutz's Antique Weapon Boutique.
 18822 | D:5      | Found a runed translucent door.
 19120 | D:5      | Killed Crazy Yiuf
 19523 | D:9      | Reached skill level 9 in Spellcasting
 20689 | D:9      | Noticed a three-headed hydra
 20694 | D:9      | Killed a three-headed hydra
 21092 | D:9      | Reached XP level 11. HP: 41/83 MP: 14/24
 21869 | D:9      | Found a blossoming altar of Fedhas.
 21896 | D:9      | Found a staircase to the Lair.
 21932 | D:9      | Found a basalt altar of Yredelemnul.
 21971 | D:9      | Found an ornate altar of the Wu Jian Council.
 22110 | D:9      | Found a stormy altar of Qazlal.
 22372 | D:10     | Entered Level 10 of the Dungeon
 22879 | D:10     | Noticed Nergalle
 22886 | D:10     | Noticed a spectral orc warlord
 23346 | Lair:1   | Entered Level 1 of the Lair of Beasts
 23666 | Lair:1   | Noticed a five-headed hydra
 23757 | D:9      | Reached skill level 1 in Armour
 25206 | Lair:1   | Noticed Joseph
 25220 | Lair:1   | Killed Joseph
 26281 | Lair:1   | Reached skill level 10 in Spellcasting
 26610 | Lair:1   | Noticed Urug
 27133 | Lair:1   | Killed Urug
 27704 | Lair:1   | Killed a five-headed hydra
 30021 | Lair:3   | Reached skill level 5 in Ice Magic
 30063 | Lair:3   | Noticed an eight-headed hydra
 30974 | Lair:3   | Noticed a four-headed hydra
 30983 | Lair:3   | Killed a four-headed hydra
 31190 | Lair:3   | Reached XP level 12. HP: 83/92 MP: 8/26
 32368 | Lair:3   | Noticed a catoblepas
 32418 | Lair:3   | Killed a catoblepas
 32620 | Lair:3   | Killed an eight-headed hydra
 32714 | Lair:3   | Found a staircase to the Swamp.
 32822 | Lair:3   | Noticed a dire elephant
 33588 | Lair:4   | Found a hole to the Spider Nest.
 34822 | Lair:4   | Noticed a death yak
 35246 | D:10     | Reached skill level 11 in Spellcasting
 35561 | D:10     | Noticed Josephine
 35780 | D:10     | Killed Nergalle
 37052 | D:10     | Killed Josephine
 39035 | D:11     | Reached skill level 1 in Shields
 39266 | D:11     | Found a staircase to the Orcish Mines.
 40247 | D:11     | Found a staircase to the Orcish Mines.
 41049 | D:11     | Noticed a fire dragon
 41536 | Orc:1    | Entered Level 1 of the Orcish Mines
 41536 | Orc:1    | Found Weyjont's Distillery.
 42383 | D:12     | Noticed a two-headed ogre
 42790 | D:12     | Noticed an ogre mage
 42790 | D:12     | Noticed a two-headed ogre
 42790 | D:12     | Noticed a two-headed ogre
 42792 | D:12     | Noticed a two-headed ogre
 42800 | D:12     | Killed a two-headed ogre
 42805 | D:12     | Killed a two-headed ogre
 42815 | D:12     | Killed a two-headed ogre
 42818 | D:12     | Killed an ogre mage
 42956 | D:12     | Found Okhly's Magic Scroll Shoppe.
 43032 | D:12     | Gained mutation: You are in touch with the powers of death.
                  | [Mummy growth]
 43032 | D:12     | Reached XP level 13. HP: 85/101 MP: 6/28
 43401 | D:12     | Noticed Erolcha
 43444 | D:12     | Killed Erolcha
 44811 | D:12     | Reached skill level 12 in Spellcasting
 44940 | D:12     | Bought a scroll of acquirement for 832 gold pieces
 44940 | D:12     | Bought a scroll of acquirement for 832 gold pieces
 44940 | D:12     | Bought a scroll of teleportation for 48 gold pieces
 44965 | D:12     | Learned a level 5 spell: Summon Mana Viper
 45457 | D:5      | Bought a runed fustibalus for 450 gold pieces
 45458 | D:5      | Bought a glowing fustibalus for 450 gold pieces
 46082 | D:13     | Reached skill level 1 in Hexes
 46303 | D:13     | Found Fadelega's Food Boutique.
 46384 | D:13     | Reached skill level 1 in Slings
 47054 | D:13     | Noticed Kirke
 47061 | D:13     | Killed Kirke
 47504 | D:13     | Found Etziew's Jewellery Emporium.
 47507 | D:13     | Bought the ring of Bummaem {rElec MP+9 SInv} for 611 gold
                  | pieces
 48032 | D:13     | Identified the +2 leather armour "Fimozu" {rF- rN+ Regen+
                  | rCorr}
 48043 | D:13     | Reached skill level 10 in Fighting
 48781 | D:13     | Found a gate to the Vaults.
 49028 | D:13     | Reached skill level 5 in Hexes
 50364 | Swamp:1  | Entered Level 1 of the Swamp
 50586 | Lair:3   | Found a runed translucent door.
 50869 | Lair:3   | Killed a dire elephant
 53251 | Lair:5   | Found a staircase to the Slime Pits.
 53883 | Lair:5   | Reached XP level 14. HP: 111/111 MP: 30/30
 54506 | Lair:6   | Entered Level 6 of the Lair of Beasts
 55441 | Slime:1  | Entered Level 1 of the Pits of Slime
 55505 | Spider:1 | Entered Level 1 of the Spider Nest
 56877 | Orc:1    | Found Vouwn's Assorted Antiques.
 56980 | Orc:1    | Found Xuatepp's Assorted Antiques.
 56983 | Orc:1    | Found Cedeomi's Antique Weapon Shoppe.
 56994 | Orc:1    | Bought a short runed staff for 312 gold pieces
 56994 | Orc:1    | Bought a shiny ring mail for 182 gold pieces
 57001 | Orc:1    | Found Cyimpiaw's Armour Shoppe.
 57139 | Orc:1    | Bought a scroll of identify for 66 gold pieces
 57139 | Orc:1    | Bought a scroll labeled CIEVADALEO for 33 gold pieces
 57139 | Orc:1    | Bought a scroll of magic mapping for 115 gold pieces
 57139 | Orc:1    | Bought a scroll labeled OGAOHIMISE for 33 gold pieces
 57155 | Orc:1    | Bought a transparent arbalest for 237 gold pieces
 57709 | Orc:1    | Found a bloodstained altar of Trog.
 57750 | Orc:1    | Bought a glowing hunting sling for 117 gold pieces
 57852 | Orc:1    | Identified the +9 arbalest "Roh Vuel" {penet, Dex+6} (You
                  | bought it in a shop on level 1 of the Orcish Mines)
 57933 | Orc:1    | Bought a scroll of identify for 52 gold pieces
 57954 | Orc:1    | Learned a level 6 spell: Shadow Creatures
 57977 | Orc:2    | Entered Level 2 of the Orcish Mines
 58082 | Orc:2    | Found a staircase to the Elven Halls.
 58087 | Orc:2    | Noticed Donald
 58920 | Orc:2    | Learned a level 5 spell: Irradiate
 59354 | Orc:2    | Killed Donald
 60140 | Orc:2    | Noticed a stone giant
 60307 | Orc:2    | Killed a stone giant
 60307 | Orc:2    | Reached skill level 5 in Shields
 61127 | Orc:2    | Found Natunoz's General Store.
 61127 | Orc:2    | Found Sieted's Antique Armour Emporium.
 61128 | Orc:2    | Found Qoshodekh's Gadget Emporium.
 61132 | Orc:2    | Found Degax's Magic Scroll Shoppe.
 61295 | Orc:2    | Bought a book of Geomancy for 490 gold pieces
 61298 | Orc:2    | Learned a level 2 spell: Passwall
 61299 | Orc:2    | Bought a scroll of amnesia for 49 gold pieces
 61302 | Orc:2    | Bought a glowing scale mail for 189 gold pieces
 61302 | Orc:2    | Bought a pair of glowing boots for 202 gold pieces
 61302 | Orc:2    | Bought a runed cloak for 202 gold pieces
 62365 | Lair:6   | Reached skill level 1 in Transmutations
 66654 | Lair:6   | Got a dazzling hunting sling
 66958 | Lair:6   | Identified the +7 hunting sling of Happ {flame, Str+4 Int-5
                  | Dex+9} (You found it on level 6 of the Lair of Beasts)
 67249 | Swamp:1  | Found a runed translucent door.
 67302 | Swamp:1  | Slain by an alligator

Skill      XL: |  1  2  3  4  5  6  7  8  9 10 11 12 13 14 |
---------------+-------------------------------------------+-----
Conjurations   | 1 2 4 5 6 7 |  7.9
Fighting       | 1 2 4 5 6 8 9 10 11 | 11.4
Summonings     | 1 2 3 4 6 7 8 9 |  9.5
Translocations | 1 2 3 |  3.0
Poison Magic   | 1 2 |  2.0
Fire Magic     | 1 2 3 4 |  4.0
Air Magic      | 1 2 |  2.0
Spellcasting   | 5 6 8 9 10 11 12 | 12.9
Ice Magic      | 2 4 5 6 |  6.0
Armour         | 4 |  4.0
Shields        | 3 4 6 |  6.4
Hexes          | 6 |  6.0
Slings         | 2 3 |  3.0
Transmutations | 3 |  3.0
Dodging        | |  1.5
Stealth        | |  1.5
Evocations     | |  0.2

Action                   |  1- 3 |  4- 6 |  7- 9 | 10-12 | 13-15 || total
-------------------------+-------+-------+-------+-------+-------++-------
Melee: Dagger            |     1 |    14 |    22 |       |       ||    37
       Hunting sling     |       |       |       |     2 |       ||     2
       Staff             |       |       |       |       |    22 ||    22
 Fire: Hunting sling     |    21 |    88 |   139 |    79 |    36 ||   363
       Fustibalus        |       |       |       |       |   147 ||   147
Throw: Dart              |       |     7 |       |     4 |       ||    11
 Cast: Magic Dart        |   103 |   195 |   410 |   885 |   533 ||  2126
       Call Imp          |     1 |    23 |     8 |    12 |       ||    44
       Blink             |       |     9 |     4 |    23 |    23 ||    59
       Conjure Flame     |       |    13 |    57 |    51 |    42 ||   163
       Mephitic Cloud    |       |     3 |    13 |    39 |    45 ||   100
       Summon Ice Beast  |       |       |     1 |   261 |   278 ||   540
       Summon Mana Viper |       |       |       |       |   136 ||   136
       Shadow Creatures  |       |       |       |       |    17 ||    17
       Irradiate         |       |       |       |       |     5 ||     5
 Abil: Evoke Flight      |       |       |       |       |     2 ||     2
Evoke: Wand              |       |       |     1 |    10 |       ||    11
  Use: Scroll            |       |     6 |     3 |     5 |    12 ||    26
Armor: Robe              |     3 |    56 |    63 |   163 |   189 ||   474
       Ring mail         |       |       |       |    85 |       ||    85
Dodge: Dodged            |    10 |   130 |   112 |   383 |   259 ||   894
Block: Buckler           |       |       |       |    23 |   100 ||   123
